[ AOE2 MATCH · #482695452 ]
1v1 RMKoreans vs Lithuanians
Player's team · WIN
[ REPLAY ANALYSIS · EXTRACTED FROM THE RECORDED GAME ]
Feudal
12:43
Castle
16:53
Imperial
33:24
| APM avg | 20.4 |
| APM peak | 36 |
| eAPM avg | 12.1 |
| Villagers / military | 101 / 144 |
Focus
⚔️ 34.9% · 🌾 65.1%
Fire Lancer ×72 · Skirmisher ×69 · Trebuchet (Packed) ×3
Feudal
9:49
Castle
15:42
Imperial
36:34
| APM avg | 19.5 |
| APM peak | 39 |
| eAPM avg | 16.4 |
| Villagers / military | 125 / 215 |
Focus
⚔️ 21.6% · 🌾 78.4%
Spearman ×91 · Skirmisher ×90 · Knight ×15 · Scorpion ×7 · Leitis ×5 · Bombard Cannon ×4
Match map
Resources at game start + every placement click. Thick line = wall · dashed box = detected house wall. 🟡 gold · ⚪ stone · 🟢 berries · 🔶 boar · ⭕ relic
Inputs per minute
— avilareall - - jorge_luis_sh
Build order — avilareall
First 150 of 345 actions detected
| 0:02 | Create | Villager (Male) |
| 0:04 | Build | House |
| 0:05 | Build | House |
| 0:06 | Create | Villager (Male) |
| 0:06 | Create | Villager (Male) |
| 0:07 | Create | Villager (Male) |
| 1:39 | Create | Villager (Male) |
| 2:15 | Create | Villager (Male) |
| 2:31 | Create | Villager (Male) |
| 3:04 | Create | Villager (Male) |
| 3:16 | Create | Villager (Male) |
| 3:35 | Build | House |
| 3:46 | Create | Villager (Male) |
| 4:05 | Build | Mill |
| 4:07 | Create | Villager (Male) |
| 4:42 | Create | Villager (Male) |
| 4:53 | Create | Villager (Male) |
| 5:10 | Build | Lumber Camp |
| 5:48 | Create | Villager (Male) |
| 5:49 | Create | Villager (Male) |
| 6:08 | Create | Villager (Male) |
| 6:43 | Build | House |
| 6:48 | Build | House |
| 7:30 | Build | Mining Camp |
| 7:35 | Create | Villager (Male) |
| 8:03 | Create | Villager (Male) |
| 8:09 | Build | Mining Camp |
| 8:13 | Create | Villager (Male) |
| 8:32 | Create | Villager (Male) |
| 8:37 | Create | Villager (Male) |
| 9:02 | Build | Lumber Camp |
| 9:14 | Create | Villager (Male) |
| 10:07 | Create | Villager (Male) |
| 10:21 | Research | Feudal Age |
| 10:29 | Build | Mill |
| 11:18 | Create | Villager (Male) |
| 11:29 | Build | House |
| 12:18 | Create | Villager (Male) |
| 12:43 | Age | Feudal Age |
| 12:50 | Build | Market |
| 12:54 | Build | Blacksmith |
| 13:38 | Create | Villager (Male) |
| 14:13 | Research | Castle Age |
| 15:11 | Research | Double-Bit Axe |
| 15:17 | Research | Horse Collar |
| 15:24 | Build | Farm |
| 15:32 | Build | Farm |
| 15:35 | Build | Farm |
| 15:37 | Build | Farm |
| 15:39 | Build | Farm |
| 15:43 | Build | Farm |
| 16:53 | Age | Castle Age |
| 16:56 | Create | Villager (Male) |
| 17:06 | Build | Town Center |
| 17:30 | Build | Town Center |
| 17:34 | Create | Villager (Male) |
| 17:42 | Create | Villager (Male) |
| 17:46 | Build | Farm |
| 18:22 | Research | Heavy Plow |
| 18:42 | Build | Farm |
| 18:59 | Create | Villager (Male) |
| 19:00 | Create | Villager (Male) |
| 19:06 | Build | Farm |
| 19:10 | Build | Farm |
| 19:40 | Build | Farm |
| 19:42 | Build | Farm |
| 20:13 | Create | Villager (Male) |
| 20:24 | Build | Barracks |
| 20:25 | Create | Villager (Male) |
| 20:30 | Build | House |
| 20:31 | Build | House |
| 20:32 | Build | House |
| 20:33 | Create | Villager (Male) |
| 20:34 | Create | Villager (Male) |
| 21:03 | Build | Farm |
| 21:06 | Build | Farm |
| 21:06 | Create | Villager (Male) |
| 21:07 | Create | Villager (Male) |
| 21:11 | Research | Bow Saw |
| 21:39 | Create | Villager (Male) |
| 21:42 | Build | Farm |
| 21:44 | Build | Farm |
| 21:49 | Build | Farm |
| 21:56 | Build | Farm |
| 22:02 | Build | Farm |
| 22:08 | Research | Wheelbarrow |
| 22:21 | Build | Farm |
| 22:23 | Create | Villager (Male) |
| 22:27 | Build | House |
| 22:29 | Build | House |
| 22:32 | Create | Villager (Male) |
| 22:47 | Create | Villager (Male) |
| 22:48 | Create | Villager (Male) |
| 22:56 | Build | Farm |
| 23:05 | Build | Farm |
| 23:12 | Build | Farm |
| 23:16 | Build | Farm |
| 23:26 | Create | Villager (Male) |
| 23:28 | Create | Villager (Male) |
| 23:30 | Build | House |
| 23:31 | Create | Villager (Male) |
| 23:37 | Create | Villager (Male) |
| 23:38 | Create | Villager (Male) |
| 23:41 | Create | Villager (Male) |
| 23:42 | Create | Villager (Male) |
| 23:43 | Create | Villager (Male) |
| 23:56 | Build | House |
| 23:58 | Build | House |
| 24:00 | Build | House |
| 24:02 | Create | Villager (Male) |
| 24:03 | Create | Villager (Male) |
| 24:04 | Create | Villager (Male) |
| 24:48 | Create | Villager (Male) |
| 24:50 | Research | Hand Cart |
| 25:01 | Build | Archery Range |
| 25:05 | Create | Fire Lancer |
| 25:10 | Build | Farm |
| 25:15 | Build | Farm |
| 25:16 | Create | Villager (Male) |
| 25:17 | Create | Villager (Male) |
| 25:17 | Create | Villager (Male) |
| 25:19 | Create | Villager (Male) |
| 25:23 | Build | Farm |
| 25:27 | Build | Farm |
| 25:33 | Build | House |
| 25:34 | Build | House |
| 25:37 | Create | Villager (Male) |
| 25:42 | Create | Fire Lancer |
| 26:10 | Build | Barracks |
| 26:12 | Create | Villager (Male) |
| 26:13 | Create | Villager (Male) |
| 26:14 | Create | Villager (Male) |
| 26:24 | Build | Farm |
| 26:25 | Create | Villager (Male) |
| 26:26 | Create | Villager (Male) |
| 26:26 | Create | Villager (Male) |
| 26:27 | Create | Villager (Male) |
| 26:27 | Create | Villager (Male) |
| 26:28 | Create | Villager (Male) |
| 26:28 | Create | Villager (Male) |
| 26:37 | Build | Farm |
| 26:43 | Build | Farm |
| 26:45 | Build | House |
| 26:52 | Build | Farm |
| 27:01 | Build | Archery Range |
| 27:07 | Research | Gambesons |
| 27:07 | Research | Squires |
| 27:21 | Build | House |
| 27:35 | Build | Castle |
| 27:39 | Create | Villager (Male) |
Build order — jorge_luis_sh
First 150 of 389 actions detected
| 0:01 | Research | Loom |
| 0:01 | Create | Villager (Male) |
| 0:02 | Create | Villager (Male) |
| 0:02 | Create | Villager (Male) |
| 0:04 | Build | House |
| 0:06 | Build | House |
| 0:18 | Create | Villager (Male) |
| 0:19 | Create | Villager (Male) |
| 0:33 | Create | Villager (Male) |
| 1:19 | Build | House |
| 1:38 | Create | Villager (Male) |
| 2:10 | Create | Villager (Male) |
| 3:03 | Build | Lumber Camp |
| 3:11 | Build | House |
| 3:34 | Create | Villager (Male) |
| 3:35 | Create | Villager (Male) |
| 3:36 | Create | Villager (Male) |
| 3:40 | Create | Villager (Male) |
| 3:58 | Create | Villager (Male) |
| 6:00 | Create | Villager (Male) |
| 6:00 | Create | Villager (Male) |
| 6:32 | Build | Mill |
| 6:48 | Create | Villager (Male) |
| 6:48 | Create | Villager (Male) |
| 7:18 | Research | Feudal Age |
| 7:51 | Build | Mining Camp |
| 8:54 | Create | Villager (Male) |
| 8:55 | Create | Villager (Male) |
| 9:42 | Build | Mill |
| 9:49 | Age | Feudal Age |
| 10:02 | Research | Wheelbarrow |
| 11:12 | Create | Villager (Male) |
| 11:20 | Build | Market |
| 11:45 | Create | Villager (Male) |
| 12:16 | Create | Villager (Male) |
| 12:29 | Build | Blacksmith |
| 12:43 | Create | Villager (Male) |
| 13:02 | Research | Castle Age |
| 13:02 | Research | Castle Age |
| 13:10 | Research | Double-Bit Axe |
| 13:28 | Build | Lumber Camp |
| 13:47 | Research | Horse Collar |
| 13:47 | Research | Horse Collar |
| 14:21 | Build | Farm |
| 14:23 | Build | Farm |
| 14:26 | Build | Farm |
| 14:37 | Build | Farm |
| 14:41 | Build | Farm |
| 14:50 | Build | Farm |
| 15:02 | Build | Farm |
| 15:38 | Create | Villager (Male) |
| 15:38 | Create | Villager (Male) |
| 15:42 | Age | Castle Age |
| 15:48 | Build | Town Center |
| 15:58 | Build | House |
| 15:59 | Build | House |
| 16:03 | Build | House |
| 16:36 | Research | Hand Cart |
| 16:36 | Research | Hand Cart |
| 17:01 | Build | Monastery |
| 17:03 | Create | Villager (Male) |
| 17:19 | Create | Villager (Male) |
| 17:52 | Build | Barracks |
| 17:53 | Create | Villager (Male) |
| 17:55 | Create | Villager (Male) |
| 17:57 | Create | Villager (Male) |
| 18:00 | Create | Villager (Male) |
| 18:19 | Create | Monk |
| 18:23 | Create | Villager (Male) |
| 18:26 | Create | Villager (Male) |
| 18:40 | Build | Farm |
| 18:41 | Build | Farm |
| 18:44 | Build | Farm |
| 18:46 | Build | Farm |
| 18:47 | Build | Farm |
| 18:48 | Build | Farm |
| 18:49 | Create | Villager (Male) |
| 19:02 | Create | Villager (Male) |
| 19:29 | Build | House |
| 19:30 | Build | House |
| 19:31 | Create | Villager (Male) |
| 19:56 | Create | Spearman |
| 19:56 | Create | Spearman |
| 20:03 | Create | Monk |
| 20:06 | Create | Villager (Male) |
| 20:25 | Build | Stable |
| 20:36 | Create | Villager (Male) |
| 21:07 | Create | Villager (Male) |
| 21:12 | Research | Pikeman (upgrade) |
| 21:17 | Create | Villager (Male) |
| 21:19 | Create | Villager (Male) |
| 21:32 | Create | Villager (Male) |
| 21:32 | Create | Villager (Male) |
| 21:33 | Create | Villager (Male) |
| 21:41 | Build | Town Center |
| 21:58 | Create | Villager (Male) |
| 22:05 | Build | Farm |
| 22:06 | Build | Farm |
| 22:09 | Build | Farm |
| 22:11 | Build | Farm |
| 22:12 | Build | Farm |
| 22:14 | Create | Villager (Male) |
| 22:18 | Create | Villager (Male) |
| 22:22 | Create | Villager (Male) |
| 22:33 | Build | Town Center |
| 22:39 | Build | House |
| 22:40 | Build | House |
| 22:45 | Build | House |
| 22:48 | Research | Husbandry |
| 22:55 | Create | Spearman |
| 23:08 | Create | Spearman |
| 23:09 | Create | Spearman |
| 23:09 | Create | Spearman |
| 23:17 | Create | Villager (Male) |
| 23:18 | Create | Villager (Male) |
| 23:22 | Create | Villager (Male) |
| 23:23 | Create | Villager (Male) |
| 23:39 | Research | Fervor |
| 23:49 | Create | Knight ×2 |
| 23:57 | Create | Villager (Male) |
| 23:58 | Create | Villager (Male) |
| 23:59 | Create | Villager (Male) |
| 24:06 | Build | Farm |
| 24:06 | Build | Farm |
| 24:06 | Build | Farm |
| 24:07 | Build | Farm |
| 24:07 | Build | Farm |
| 24:07 | Build | Farm |
| 24:07 | Build | Farm |
| 24:08 | Build | Farm |
| 24:08 | Build | Farm |
| 24:08 | Build | Farm |
| 24:08 | Build | Farm |
| 24:09 | Build | Farm |
| 24:11 | Create | Villager (Male) |
| 24:14 | Create | Villager (Male) |
| 24:26 | Build | House |
| 24:27 | Build | House |
| 24:28 | Create | Villager (Male) |
| 24:49 | Create | Monk |
| 25:10 | Research | Scale Barding Armor |
| 25:45 | Create | Villager (Male) |
| 25:45 | Create | Villager (Male) |
| 25:48 | Create | Villager (Male) |
| 25:48 | Create | Villager (Male) |
| 25:50 | Create | Villager (Male) |
| 25:51 | Create | Villager (Male) |
| 25:53 | Create | Villager (Male) |
| 25:53 | Create | Villager (Male) |
| 25:57 | Create | Villager (Male) |
Match timeline
| 9:49 | jorge_luis_sh · age_up feudal |
| 12:43 | avilareall · age_up feudal |
| 14:10 | avilareall · first_market_sell 100 wood |
| 15:42 | jorge_luis_sh · age_up castle |
| 16:53 | avilareall · age_up castle |
| 17:01 | jorge_luis_sh · first_building Monastery |
| 17:52 | jorge_luis_sh · first_building Barracks |
| 20:24 | avilareall · first_building Barracks |
| 20:25 | jorge_luis_sh · first_building Stable |
| 25:01 | avilareall · first_building Archery Range |
| 27:35 | avilareall · first_building Castle |
| 28:53 | jorge_luis_sh · first_building Castle |
| 33:24 | avilareall · age_up imperial |
| 33:42 | jorge_luis_sh · first_building Archery Range |
| 34:51 | jorge_luis_sh · first_building Siege Workshop |
| 36:34 | jorge_luis_sh · age_up imperial |
| 45:01 | jorge_luis_sh · resign |
[ AI ANALYSIS · 1 CREDIT ]
What really happened in this match?
Wolo.gg analyzes every decision: build order, eco, micro, common mistakes by bracket. Personalized analysis on WhatsApp or Discord in 30 seconds.
Civ guide
Koreans
Map guide
Arena
Perfil
Jugador #25106955